 Dungeon Crawl Stone Soup version 0.31-a0-214-gb37851dbb3 (webtiles) character file.

Game seed: 13787899346426723822

52 qw the Shooter (level 3, -10/21 HPs)
             Began as a Gargoyle Hexslinger on July 1, 2023.
             Killed from afar by Ijyb (13 damage)
             ... with a puff of flame
             ... on level 2 of the Dungeon.
             The game lasted 00:00:18 (937 turns).

qw the Shooter (Gargoyle Hexslinger)                 Turns: 937, Time: 00:00:19

Health: -10/21     AC:  5    Str: 11    XL:     3   Next: 85%
Magic:  4/4        EV: 12    Int: 13    God:
Gold:   111        SH:  0    Dex: 14    Spells: 3/4 levels left

rFire   . . .        Y - +1 sling
rCold   . . .        (no shield)
rNeg    + . .        c - +0 robe
rPois   inf          (no helmet)
rElec   +            (no cloak)
rCorr   .            (no gloves)
SInv    .            (no boots)
Will    .....        (no amulet)
Stlth   +            (no ring)
HPRegen 0.23/turn    (no ring)
MPRegen 0.09/turn

%: no passive effects
@: no status effects
A: sickness immunity, AC +3, negative energy resistance 1, electricity
resistance, torment resistance 1, petrification resistance
a: no special abilities


You were on level 2 of the Dungeon.
You visited 1 branch of the dungeon, and saw 2 of its levels.

You collected 111 gold pieces.


Innate Abilities, Weirdness & Mutations

You are immune to sickness and miasma.
Your stone body is resilient. (AC +3)
You are immune to poison.
You resist negative energy. (rN+)
You are resistant to electric shocks. (rElec)
You are resistant to unholy torment.
You are immune to petrification.


   Skills:
 - Level 2.2 Fighting
 + Level 3.6 Ranged Weapons
 - Level 1.5 Dodging
 - Level 1.0 Spellcasting
 - Level 2.6 Hexes


You had 3 spell levels left.
You knew the following spells:

 Your Spells              Type           Power      Damage    Failure   Level
a - Slow                  Hex            28%        N/A       10%         1

Your spell library contained the following spells:

 Spells                   Type           Power      Damage    Failure   Level
 Inner Flame              Hex/Fire       4%         N/A       43%         3
 Portal Projectile        Hex/Tloc       8%         N/A       43%         3
 Cause Fear               Hex            3%         N/A       67%         4

Inventory:

Hand Weapons
 Y - a +1 sling (weapon)
Armour
 c - a +0 robe (worn)
Scrolls
 a - a scroll of teleportation {unknown}
 b - a scroll of acquirement {unknown}
 e - 2 scrolls of identify
Potions
 f - a potion of might {unknown}

Dungeon Overview and Level Annotations

Branches:
Dungeon (2/15)

Altars:

Annotations:
D:2 Ijyb


Message History

The sling bullet closely misses the goblin. x2
The goblin hits you but does no damage.
You shoot a sling bullet.
The sling bullet completely misses the goblin.
The sling bullet misses the goblin.
The goblin hits you but does no damage. x2
You shoot a sling bullet.
The sling bullet completely misses the goblin.
The sling bullet hits Ijyb but does no damage.
The goblin barely misses you. x2
You shoot a sling bullet. The sling bullet hits the goblin.
The goblin is moderately wounded.
The goblin hits you with a +0 dagger.
You shoot a sling bullet.
The sling bullet hits the goblin but does no damage.
The goblin is moderately wounded.
The goblin hits you with a +0 dagger. The goblin misses you. x2
You shoot a sling bullet. The sling bullet hits the goblin.
You kill the goblin!
Ijyb hits you but does no damage.
You shoot a sling bullet.
The sling bullet completely misses Ijyb.
The sling bullet completely misses the goblin.
Ijyb zaps a wand.
The puff of flame hits you!
Ouch! That really hurt!
Ijyb hits you but does no damage. The goblin barely misses you.
You shoot a sling bullet. The sling bullet barely misses Ijyb.
The sling bullet hits the goblin.
The goblin is severely wounded.
Ijyb barely misses you. The goblin closely misses you. Ijyb closely misses you.
You shoot a sling bullet. The sling bullet hits Ijyb.
Ijyb is lightly wounded.
Ijyb misses you. The goblin misses you.
Ijyb zaps a wand.
The puff of flame hits you.
You shoot a sling bullet. The sling bullet barely misses Ijyb.
The sling bullet hits the goblin but does no damage.
The goblin is severely wounded.
Ijyb zaps a wand.
The puff of flame hits you!
Ouch! That really hurt!
You die...

.....###......##.........
.....###.##...##.#####.#.
.........##...##.......#
....#######............#
%...# #...........##
....# #...........#
....#######..#.......##
##....<......#.#.###.#
##>.%........#.#@# #.#
##.........#%#.#ggg###
....########.#.#g..8.8
.###########.#.#........
...............#........
.###.#######.###.....)).
## #.# #.# ##....... ##
#.#######%# ....)..
.###.........#


You could see Ijyb (fast) and 3 goblins.

Vanquished Creatures
  2 adders (D:2)
  A worm (D:2)
  2 dart slugs
  2 bats (D:2)
  3 endoplasms
  5 goblins
  4 hobgoblins
  A kobold (D:1)
  4 ball pythons (D:1)
  A frilled lizard (D:1)
  2 rats
27 creatures vanquished.

Notes
Turn   | Place    | Note
-------+----------+-------------------------------------------
     0 | D:1      | qw the Gargoyle Hexslinger began the quest for the Orb.
     0 | D:1      | Reached XP level 1. HP: 12/12 MP: 2/2
     0 | D:1      | 0 ||| qw: Version: 0.3-a-32-g5962c71
     0 | D:1      | 0 ||| qw: Game counter: 7506
     0 | D:1      | 0 ||| qw: Melee chars always use a shield: true
     0 | D:1      | 0 ||| qw: God list: Okawaru
     0 | D:1      | 0 ||| qw: Allow faded altars: false
     0 | D:1      | 0 ||| qw: Do Orc after clearing Dungeon:15 true
     0 | D:1      | 0 ||| qw: Do second Lair branch before Depths: true
     0 | D:1      | 0 ||| qw: Lair rune preference: random
     0 | D:1      | 0 ||| qw: Goals: Normal
     0 | D:1      | 0 ||| PLANNING D:1-11
   181 | D:1      | Reached XP level 2. HP: 11/16 MP: 3/3
   435 | D:1      | Reached skill level 3 in Ranged Weapons
   684 | D:1      | 684 ||| READING scroll labelled HETRIAROYB.
   685 | D:1      | 685 ||| READING 2 scrolls labelled FIEGAN LIPESAS.
   686 | D:1      | 686 ||| READING 3 scrolls labelled UTA HULEJIVUPS.
   687 | D:1      | 687 ||| READING scroll labelled FENLOPH CUES.
   688 | D:1      | 688 ||| DROPPING scroll of poison.
   689 | D:1      | 689 ||| DROPPING 2 scrolls of vulnerability.
   760 | D:2      | Reached XP level 3. HP: 21/21 MP: 4/4
   925 | D:2      | Noticed Ijyb
   936 | D:2      | HP: 2/21 [Ijyb/puff of flame (6)]
   937 | D:2      | Killed from afar by Ijyb

Levels and vault maps discovered:
D:1:      elethiomel_arrival_shortcut, layout_basic
D:2:      kennysheep_the_goblin_king, layout_basic, kennysheep_another_room

Skill      XL: |  1  2 |
---------------+-------+-----
Ranged Weapons | 3 |  3.6
Fighting       | 2 |  2.2
Dodging        | |  1.5
Spellcasting   | |  1.0
Hexes          | |  2.6

Action                     || total
---------------------------++-------
   Fire: Sling             ||    77
    Use: Scroll            ||     4
 Armour: Robe              ||    10
  Dodge: Dodged            ||    18

Table legend:
 A = Non-vault XP
 B = Vault XP
 C = Vault XP percentage of total XP
 D = Non-vault monster count
 E = Vault monster count
 F = Vault count percentage of total count
                 A         B        C        D         E       F
            +---------+---------+-------+---------+---------+-------
      Total |      70 |       5 |   6.7 |      24 |       3 |  11.1
            +---------+---------+-------+---------+---------+-------
        D:1 |      25 |       0 |   0.0 |      14 |       0 |   0.0
        D:2 |      45 |       5 |  10.0 |      10 |       3 |  23.1
            +---------+---------+-------+---------+---------+-------
